 Dungeon Crawl Stone Soup version 0.30.0-29-ga12c61a403 (webtiles) character file.

Game seed: 1588135360302427271

5191 Peloso the Spear-Bearer (level 10, -2/87 (90) HPs)
             Began as a Minotaur Fighter on June 17, 2023.
             Was an Elder of Okawaru.
             Slain by a cyan ugly thing (16 damage)
             ... on level 9 of the Dungeon.
             The game lasted 00:14:24 (7787 turns).

Peloso the Spear-Bearer (Minotaur Fighter)          Turns: 7787, Time: 00:14:25

HP:   -2/87 (90)    AC: 20    Str: 25    XL:     10   Next: 34%
MP:   10/10         EV:  8    Int:  5    God:    Okawaru [****..]
Gold: 388           SH:  7    Dex: 13    Spells: 9/9 levels left

rFire   . . .        c - +1 trident of Passumow {freeze, Str+3}
rCold   . . .        f - +1 buckler
rNeg    . . .        N - +0 plate armour
rPois   .            (helmet restricted)
rElec   .            h - +0 cloak
rCorr   +            m - +0 pair of gloves
SInv    .            o - +2 pair of boots
Will    .....        (no amulet) Stlth
                     i - ring of flight
HPRegen 0.34/turn    H - ring of resist corrosion
MPRegen 0.12/turn

%: no passive effects
@: mighty, flying, lightly drained
A: horns 2, retaliatory headbutt
a: Renounce Religion, Heroism, Finesse


You were on level 9 of the Dungeon.
You worshipped Okawaru.
Okawaru was greatly pleased with you.
You visited 2 branches of the dungeon, and saw 10 of its levels.

You collected 388 gold pieces.

Inventory:

Hand Weapons
 a - a +4 falchion
 b - a +3 spear of flaming
 c - the +1 trident of Passumow (weapon) {freeze, Str+3}
   (You found it on level 2 of the Dungeon)

   Str:       It affects your strength (+3).
Armour
 f - a +1 buckler (worn)
 h - a +0 cloak (worn)
 m - a +0 pair of gloves (worn)
 o - a +2 pair of boots (worn)
 N - a +0 plate armour (worn)
Jewellery
 i - a ring of flight (left hand)
 p - a +6 ring of intelligence
 H - a ring of resist corrosion (right hand)
 K - a +5 ring of evasion
Wands
 z - a wand of roots (23)
 F - a wand of flame (23)
 I - a wand of light (13)
Scrolls
 g - a scroll of brand weapon
 l - a scroll of summoning
 n - 2 scrolls of teleportation
 q - a scroll of silence
 r - 2 scrolls of poison {unknown}
 u - a scroll of fog
 v - 4 scrolls of enchant weapon
 w - 4 scrolls of magic mapping
 y - a scroll of fear
 A - a scroll of immolation
 D - 4 scrolls of enchant armour
 E - a scroll of blinking
 G - a scroll of amnesia {unknown}
 J - a scroll of vulnerability {unknown}
 L - a scroll of torment {unknown}
 M - a scroll of noise {unknown}
Potions
 d - 2 potions of might
 e - a potion of flight
 k - a potion of haste
 s - 2 potions of brilliance
 t - 2 potions of mutation
 x - a potion of magic
 B - a potion of ambrosia {unknown}
 C - 2 potions of curing {unknown}
 O - 2 potions of attraction {unknown}


   Skills:
 + Level 8.6 Fighting
 + Level 4.0 Long Blades
 + Level 11.4 Polearms
 + Level 9.2 Armour
 + Level 2.6 Dodging
 + Level 1.0 Stealth
 + Level 7.7 Shields
 + Level 1.5 Invocations


You had 9 spell levels left.
You didn't know any spells.
Your spell library contained the following spells:

 Spells                   Type           Power      Damage    Failure   Level
 Apportation              Tloc           0%         N/A       100%        1
 Necrotise                Necr           0%         1d4       100%        1
 Ensorcelled Hibernation  Hex/Ice        0%         N/A       100%        2
 Lesser Beckoning         Tloc           0%         N/A       100%        2
 Poisonous Vapours        Pois/Air       0%         N/A       100%        2
 Gell's Gravitas          Tloc           0%         N/A       100%        3
 Mephitic Cloud           Conj/Pois/Air  0%         N/A       100%        3
 Spider Form              Tmut/Pois      0%         N/A       100%        3
 Teleport Other           Tloc           0%         N/A       100%        3
 Anguish                  Hex/Necr       0%         N/A       100%        4
 Freezing Cloud           Conj/Ice/Air   0%         6-21      100%        5
 Summon Small Mammal      Summ           Unusable   N/A       N/A         1

Dungeon Overview and Level Annotations

Branches:
Dungeon (9/15)             Temple (1/1) D:4
   Lair: D:8-11         Orc: D:9-12

Altars:
Cheibriados
Dithmenos
Elyvilon
Fedhas
Gozag
Hepliaklqana
Kikubaaqudgha
Makhleb
Nemelex Xobeh
Okawaru
Qazlal
Ru
Sif Muna
Trog
Uskayaw
Wu Jian
Xom
Yredelemnul
Zin

Shops:
D:4 !

Annotations:
D:3 1 runed translucent door, Crazy Yiuf
D:4 2 transporters, raetorn's ghost, amateur DrCj
D:6 2 transporters


Innate Abilities, Weirdness & Mutations

You have a pair of horns on your head.
You reflexively headbutt those who attack you in melee.


Message History

The cyan ugly thing attacks as you move away!
The cyan ugly thing completely misses you.
You furiously retaliate!
You headbutt the cyan ugly thing.
The cyan ugly thing attacks as you move away!
You block the cyan ugly thing's attack.
The cyan ugly thing attacks as you move away!
The cyan ugly thing claws you but does no damage.
The cyan ugly thing attacks as you move away!
The cyan ugly thing claws you!
* * * LOW HITPOINT WARNING * * *
The cyan ugly thing shocks you!
* * * LOW HITPOINT WARNING * * *
You feel much better. The cyan ugly thing closely misses you.
You furiously retaliate!
You headbutt the cyan ugly thing.
You feel very mighty all of a sudden. The cyan ugly thing closely misses you.
You feel stronger.
The +1 trident of Passumow {freeze, Str+3} glows with a cold blue light!
c - the +1 trident of Passumow (weapon)
{freeze, Str+3} You block the cyan ugly thing's attack.
Unknown command.
You hit the cyan ugly thing. You freeze the cyan ugly thing.
The cyan ugly thing is moderately wounded.
The cyan ugly thing closely misses you. You furiously retaliate!
You headbutt the cyan ugly thing!
Unknown command.
You closely miss the cyan ugly thing.
Your headbutt misses the cyan ugly thing.
The cyan ugly thing is heavily wounded.
You closely miss the cyan ugly thing. You headbutt the cyan ugly thing.
The cyan ugly thing is heavily wounded.
The cyan ugly thing claws you. The cyan ugly thing shocks you!
* * * LOW HITPOINT WARNING * * *
You puncture the cyan ugly thing! You freeze the cyan ugly thing.
You headbutt the cyan ugly thing!
The cyan ugly thing is almost dead.
The cyan ugly thing claws you!
* * * LOW HITPOINT WARNING * * *
The cyan ugly thing shocks you!
You die...

#.........# #.....#
#.........# #####.....#
#...).....###...'<....#
#.........##..###.....#
#.........##.## #.....#
#.........##.# #.....#
### #.........##.#
#.....#
....#####.........'..#
#.....#
#..(.†'......u@.####
#.....#
##.####.........#
##+#### #. #.........#
.. ########### .## Cu
.u ..


You could see a cyan ugly thing.

Vanquished Creatures
  A cyclops (D:9)
  Joseph (D:7)
  A troll (D:5)
  A hornet (D:8)
  Grinder (D:4)
  Sigmund (D:4)
  2 steam dragons (D:8)
  A vampire mosquito (D:9)
  3 orc warriors
  Duvessa (D:6)
  2 sky beasts (D:7)
  2 black bears
  An ice beast (D:5)
  2 ogres
  A phantom (D:7)
  2 kobold brigands
  Blork the orc (D:6)
  7 bullfrogs
  3 scorpions
  A gnoll sergeant (D:8)
  5 wights
  Dowan (D:6)
  4 killer bees (D:8)
  A howler monkey (D:5)
  A crimson imp (D:4)
  4 hounds
  3 orc priests
  3 jellies
  2 sleepcaps (D:5)
  2 gnoll boudas
  5 iguanas
  2 orc wizards
  8 gnolls
  7 adders
  A shadow imp (D:8)
  A white imp (D:4)
  An ufetubus (D:5)
  A worm (D:5)
  3 dart slugs
  16 orcs
  7 ball pythons
  A bat (D:2)
  11 endoplasms
  4 giant cockroaches
  5 goblins
  7 hobgoblins
  10 kobolds
  4 quokkas
  4 frilled lizards
  4 rats
163 creatures vanquished.

Vanquished Creatures (others)
  A wight (D:8)
1 creature vanquished.

Grand Total: 164 creatures vanquished

Notes
Turn   | Place    | Note
-------+----------+-------------------------------------------
     0 | D:1      | Peloso the Minotaur Fighter began the quest for the Orb.
     0 | D:1      | Reached XP level 1. HP: 19/19 MP: 0/0
   203 | D:1      | Reached XP level 2. HP: 24/27 MP: 1/1
   694 | D:2      | Reached XP level 3. HP: 26/33 MP: 2/2
   944 | D:2      | Identified the +1 trident of Passumow {freeze, Str+3}
  1379 | D:3      | Found a faded altar of an unknown god.
  1417 | D:3      | Reached XP level 4. HP: 30/40 MP: 3/3
  1782 | D:3      | Found a runed translucent door.
  1783 | D:3      | Noticed Crazy Yiuf
  2258 | D:4      | Found Doexzyte's Distillery.
  2291 | D:4      | Found a transporter.
  2296 | D:4      | Noticed a water moccasin
  2307 | D:4      | Noticed raetorn's ghost (amateur DrCj)
  2310 | D:4      | Found a transporter.
  2344 | D:4      | Reached skill level 1 in Polearms
  2373 | D:4      | Noticed Sigmund
  2381 | D:4      | Killed Sigmund
  2382 | D:4      | Reached skill level 3 in Polearms
  2382 | D:4      | Reached skill level 5 in Armour
  2382 | D:4      | Reached skill level 1 in Dodging
  2382 | D:4      | Reached XP level 5. HP: 28/47 MP: 4/4
  2473 | D:4      | Reached XP level 6. HP: 44/53 MP: 5/5
  2537 | D:4      | Found a staircase to the Ecumenical Temple.
  2558 | Temple   | Entered the Ecumenical Temple
  2578 | Temple   | Became a worshipper of Warmaster Okawaru
  2707 | D:4      | Noticed Grinder
  2726 | D:4      | Killed Grinder
  2726 | D:4      | Reached * piety under Okawaru
  2727 | D:4      | Reached skill level 5 in Polearms
  2727 | D:4      | Reached XP level 7. HP: 22/60 MP: 6/6
  3062 | D:5      | Entered Level 5 of the Dungeon
  3094 | D:5      | Reached skill level 5 in Fighting
  3291 | D:5      | Found an ornate altar of the Wu Jian Council.
  3334 | D:5      | Found an opulent altar of Gozag.
  3411 | D:5      | Found a bloodstained altar of Trog.
  3626 | D:5      | Reached skill level 6 in Polearms
  4024 | D:5      | Noticed a troll
  4037 | D:5      | Killed a troll
  4038 | D:5      | Reached skill level 7 in Polearms
  4038 | D:5      | Reached skill level 1 in Stealth
  4038 | D:5      | Reached XP level 8. HP: 65/68 MP: 4/7
  4042 | D:5      | Reached ** piety under Okawaru
  4051 | D:5      | Reached skill level 5 in Shields
  4361 | D:6      | Found a transporter.
  4379 | D:6      | Reached skill level 8 in Polearms
  4578 | D:6      | Found a transporter.
  4739 | D:6      | Noticed Duvessa
  4752 | D:6      | Killed Duvessa
  4810 | D:6      | Noticed Dowan
  5046 | D:6      | Killed Dowan
  5062 | D:6      | Reached skill level 9 in Polearms
  5063 | D:6      | Reached *** piety under Okawaru
  5064 | D:6      | Reached XP level 9. HP: 55/78 MP: 8/8
  5426 | D:6      | Noticed Blork the orc
  5433 | D:6      | Killed Blork the orc
  5647 | D:7      | Found a burning altar of Makhleb.
  5745 | D:7      | Found a blossoming altar of Fedhas.
  5761 | D:7      | Reached skill level 1 in Invocations
  5796 | D:7      | Noticed Joseph
  5808 | D:7      | Killed Joseph
  5809 | D:7      | Reached skill level 10 in Polearms
  6401 | D:8      | Reached **** piety under Okawaru
  6707 | D:8      | Found a sacrificial altar of Ru.
  6897 | D:8      | Reached XP level 10. HP: 85/88 MP: 10/10
  7252 | D:8      | Reached skill level 11 in Polearms
  7733 | D:9      | Noticed a cyclops
  7733 | D:9      | Noticed a green ugly thing
  7734 | D:9      | Noticed a white ugly thing
  7749 | D:9      | Killed a cyclops
  7758 | D:9      | Noticed a centaur warrior
  7787 | D:9      | Slain by a cyan ugly thing

Illustrated notes

Levels and vault maps discovered:
D:1:      erik_arrival_orb_chamber, layout_basic, st_stairs_14
D:2:      layout_rooms
D:3:      layout_basic, chequers_ecumenical_altar_simple,
          uniq_crazy_yiuf_cottage
D:4:      layout_cave_pools, minmay_temple_entry_waves, gammafunk_ghost_arena,
          nicolae_wooded_promenade, minmay_fire_ice_demons, uniq_grinder,
          uniq_sigmund
D:5:      cheibrodos_barr_body, layout_layer_cave, nicolae_wu_jian_wuxing_cycle,
          mainiacjoe_overflow_catch_the_wave
D:6:      gammafunk_steamed_eel, layout_cave_pods, serial_park,
          serial_park_tiny_pond, serial_park_fountain, serial_park_tiny_1,
          serial_park_square2, serial_park_square2, kennysheep_generic_room_12,
          uniq_duvessa, uniq_blork_the_orc
D:7:      layout_basic, nicolae_overflow_hidden_temple,
          mainiacjoe_overflow_small_starburst, uniq_joseph
D:8:      kennysheep_spiral_hall, layout_loops_cross,
          mainiacjoe_overflow_boulevard, serial_glass, glass_columns_c,
          glass_columns_a, minmay_checkerbox
D:9:      layout_roguey, minivault_28
Temple:   compressed_dpeg_triangle_lava_temple

Skill      XL: |  1  2  3  4  5  6  7  8  9 10 |
---------------+-------------------------------+-----
Armour         | 4 5 6 7 8 9 |  9.2
Fighting       | 4 5 6 7 8 |  8.6
Long Blades    | 3 4 |  4.0
Shields        | 4 6 7 |  7.7
Polearms       | 3 5 7 9 10 11 | 11.4
Dodging        | 1 2 |  2.6
Stealth        | 1 |  1.0
Invocations    | 1 |  1.5

Action                     |  1- 3 |  4- 6 |  7- 9 | 10-12 || total
---------------------------+-------+-------+-------+-------++-------
  Melee: Long sword        |    68 |       |     3 |       ||    71
         Headbutt          |    10 |    11 |    62 |    17 ||   100
         Trident           |    23 |    55 |   286 |    65 ||   429
         Falchion          |       |       |       |    26 ||    26
 Invoke: Heroism           |       |       |     7 |     1 ||     8
    Use: Potion            |     4 |       |     1 |     2 ||     7
         Scroll            |     1 |     4 |     9 |     3 ||    17
 Armour: Scale mail        |    37 |       |       |       ||    37
         Chain mail        |     9 |    18 |   106 |       ||   133
         Plate armour      |       |       |    17 |    36 ||    53
  Dodge: Dodged            |    46 |    14 |    92 |    26 ||   178
  Block: Buckler           |    21 |     7 |    86 |    28 ||   142
